 Dungeon Crawl Stone Soup version 0.21-a0-19-g210df22 (webtiles) character file.

113 Kidiri the Magician (level 4, 0/24 HPs)
             Began as a Deep Elf Fire Elementalist on May 24, 2017.
             Slain by an orc
             ... wielding a +0 whip
              (5 damage)
             ... on level 3 of the Dungeon.
             The game lasted 00:14:02 (2537 turns).

Kidiri the Magician (Deep Elf Fire Elementalist)    Turns: 2537, Time: 00:14:03

Health: 0/24       AC:  2    Str:  5    XL:     4   Next: 65%
Magic:  0/12       EV: 13    Int: 21    God:
Gold:   50         SH:  0    Dex: 15    Spells: 3/12 levels left

rFire    . . .     SeeInvis .   e - +0 dagger
rCold    . . .     Gourm    .   (no shield)
rNeg     . . .     Faith    .   a - +0 robe
rPois    .         Spirit   .   (no helmet)
rElec    .         Reflect  .   (no cloak)
rCorr    .         Harm     .   (no gloves)
MR       +....                  (no boots)
Stlth    ++........             (no amulet)
Regen    0.1/turn               h - ring of protection from magic
MPRegen  0.2/turn               (no ring)

@: no status effects
A: no potion heal 1
a: no special abilities


You were on level 3 of the Dungeon.
You were hungry.

You visited 1 branch of the dungeon, and saw 3 of its levels.

You collected 50 gold pieces.

Inventory:

Hand Weapons
 e - a +0 dagger (weapon)
Armour
 a - a +0 robe (worn)
Jewellery
 h - a ring of protection from magic (left hand)
Scrolls
 j - a scroll of magic mapping
 k - 2 scrolls of remove curse
 l - 3 scrolls of identify
Potions
 f - 2 potions of curing
 g - 2 potions of flight {unknown}
Books
 b - a book of Flames

   Spells                             Type                      Level
   a - Flame Tongue                   Conjuration/Fire             1
   b - Throw Flame                    Conjuration/Fire             2
   c - Conjure Flame                  Conjuration/Fire             3
   d - Inner Flame                    Hexes/Fire                   3
   e - Sticky Flame                   Conjuration/Fire             4
   f - Fireball                       Conjuration/Fire             5
Comestibles
 c - 4 bread rations
 d - a meat ration
 m - 3 fruits


   Skills:
 - Level 2.4 Dodging
 - Level 2.4 Stealth
 * Level 4.8 Spellcasting
 + Level 2.6 Conjurations
 + Level 4.2 Fire Magic


You had 3 spell levels left.
You knew the following spells:

 Your Spells              Type           Power        Failure   Level  Hunger
a - Flame Tongue          Conj/Fire      ###..        2%          1    None
b - Throw Flame           Conj/Fire      ###...       4%          2    None
c - Conjure Flame         Conj/Fire      ###.....     8%          3    ##.....
d - Inner Flame           Hex/Fire       ##......     14%         3    ##.....


Dungeon Overview and Level Annotations

Branches:
Dungeon (3/15)

Altars:
Ashenzari
Makhleb

Annotations:
D:3 2 transporters


Innate Abilities, Weirdness & Mutations

Potions are less effective at restoring your health.


Message History

Casting: Flame Tongue
Confirm with . or Enter, or press ? or * to list all spells.
Aiming: Flame Tongue
Press: ? - help, Shift-Dir - straight line, f/p - orc
Aim: an orc, wielding a falchion and wearing a leather armour (heavily wounded)
The flame tongue misses the orc.
The orc closely misses you. The orc hits you with a whip.
* * * LOW HITPOINT WARNING * * *
There is an open door here.
You see here a chunk of flesh.
You see here a tomahawk.
Casting: Flame Tongue
Confirm with . or Enter, or press ? or * to list all spells.
Aiming: Flame Tongue
Press: ? - help, Shift-Dir - straight line, f - orc, p - orc
Aim: an orc, wielding a whip (severely wounded)
The flame tongue misses the orc.
The flame tongue hits the orc.
You kill the orc!
The orc hits you with a whip.
You die...

######## ######## *
#..,...#################....... *
#.####.#.................#####.
###............###....###### #.
.....##..÷.##### #.....# #.
##...##....#######....## #.
##...##.........@o)#.## #.
##........##########o# #.
##.#.####.# #(# #. ##.#.####.#
##%## **♣♣♣**#. ##.#......#
##...##*....,*#. ##.######.##
##..[..#..♣**,*#. ...# #...##
##....(.')[♣ *,*#.
####*###....####.......#..♣**,*##
...,..........)'....%..#♣....,*#.


You could see an orc.

Vanquished Creatures
  An orc priest (D:3)
  2 oozes
  A worm (D:3)
  5 dart slugs
  4 orcs (D:3)
  3 bats
  2 giant cockroaches
  13 hobgoblins
  A quokka (D:3)
  4 frilled lizards
  8 goblins
  7 kobolds
  6 rats
57 creatures vanquished.

Notes
Turn   | Place    | Note
-------+----------+-------------------------------------------
     0 | D:1      | Kidiri the Deep Elf Fire Elementalist began the quest for the Orb.
     0 | D:1      | Reached XP level 1. HP: 10/10 MP: 6/6
   251 | D:1      | Found a shattered altar of Ashenzari.
   333 | D:1      | Reached XP level 2. HP: 15/15 MP: 6/8
   339 | D:1      | Learned a level 2 spell: Throw Flame
  1174 | D:2      | Reached XP level 3. HP: 19/19 MP: 6/10
  1179 | D:2      | Learned a level 3 spell: Conjure Flame
  1183 | D:2      | Learned a level 3 spell: Inner Flame
  1210 | D:2      | Gained mutation: Potions are less effective at restoring your health. [potion of mutation]
  1210 | D:2      | Gained mutation: You are clumsy. (Dex -2) [potion of mutation]
  1210 | D:2      | Lost mutation: You are clumsy. (Dex -2) [potion of mutation]
  1787 | D:3      | Found a burning altar of Makhleb.
  1787 | D:3      | Noticed a bullfrog
  2128 | D:3      | Reached XP level 4. HP: 24/24 MP: 9/12
  2537 | D:3      | Slain by an orc

Vault maps used:
D:1:      dpeg_arrival_prison, ashenzari_altar_1
D:3:      kennysheep_big_flooded_room, gammafunk_temple_overflow_arena,
          kennysheep_generic_room_11

Skill      XL: |  1  2  3 |
---------------+----------+-----
Fire Magic     | 4 |  4.2
Spellcasting   | 4 |  4.8
Conjurations   | 2 |  2.6
Dodging        | |  2.4
Stealth        | |  2.4

Action                   |  1- 3 |  4- 6 || total
-------------------------+-------+-------++-------
Melee: Dagger            |    11 |     6 ||    17
 Cast: Flame Tongue      |    70 |    19 ||    89
       Throw Flame       |     5 |     1 ||     6
       Inner Flame       |       |     2 ||     2
       Conjure Flame     |       |     1 ||     1
  Use: Scroll            |     7 |       ||     7
       Potion            |     1 |       ||     1
 Stab: Sleeping          |     7 |     1 ||     8
  Eat: Chunk             |     4 |       ||     4
Armor: Robe              |     3 |     1 ||     4
Dodge: Dodged            |    17 |     9 ||    26
